 Dungeon Crawl Stone Soup version 0.25-a0-435-g4b9beb1024 (webtiles) character file.

Game seed: 16568890290734926348, levelgen mode: deterministic

112918 Epan the Geomancer (level 16, -2/101 HPs)
             Began as a Gargoyle Earth Elementalist on Jan 25, 2020.
             Was the Champion of Vehumet.
             Slain by Donald
             ... wielding a +0 demon trident
              (25 damage)
             ... on level 2 of the Orcish Mines on Jan 26, 2020.
             The game lasted 01:48:03 (25790 turns).

Epan the Geomancer (Gargoyle Earth Elementalist)   Turns: 25790, Time: 01:48:03

Health: -2/101     AC: 23    Str: 14    XL:     16   Next: 61%
Magic:  1/30       EV: 16    Int: 27    God:    Vehumet [******]
Gold:   2935       SH:  0    Dex: 10    Spells: 4/36 levels left

rFire    + + .     SeeInvis .   s - +2 demon whip (elec)
rCold    + . .     Gourm    .   (no shield)
rNeg     + . .     Faith    .   R - +2 robe {rF+}
rPois    ∞         Spirit   .   q - +2 hat
rElec    +         Reflect  .   E - scarf {cloud immunity}
rCorr    .         Harm     .   c - +1 pair of gloves "Efuatush" {*Slow Regen+ Int+3 Stlth+}
MR       ++...     Clarity  +   (no boots)
Stlth    +++.......             N - amulet of the acrobat
HPRegen  0.66/turn              G - ring of Nemelex Xobeh's Favour {rC+ AC+3}
MPRegen  0.22/turn              V - +3 ring of intelligence

@: flying
A: big wings, clarity, fire resistance 1, magic resistance 1, negative energy
resistance 1, electricity resistance, unbreathing, evolution 1, petrification
resistance, rot immunity, AC +12
a: Stop Flying, Renounce Religion


You were on level 2 of the Orcish Mines.
You worshipped Vehumet.
Vehumet was exalted by your worship.
You were hungry.

You visited 4 branches of the dungeon, and saw 24 of its levels.
You also visited: Ossuary, Gauntlet and Volcano.

You collected 2935 gold pieces.

Inventory:

Hand Weapons
 s - a +2 demon whip of electrocution (weapon)
Missiles
 b - a throwing net
 A - 209 stones (quivered)
Armour
 c - the +1 pair of gloves "Efuatush" (worn) {*Slow Regen+ Int+3 Stlth+}
   (You found it in a Gauntlet)

   It affects your intelligence (+3).
   It increases your rate of regeneration.
   It may slow you when you take damage.
   It makes you more stealthy.
   If you remove this armour, your AC will fall 2 points (23 -> 21)
 q - a +2 hat (worn)
 E - a scarf of cloud immunity (worn)
 K - the +3 leather armour of the Lonely Runes {rPois Slay+2}
   (You found it on level 2 of the Lair of Beasts)

   It affects your accuracy and damage with ranged weapons and melee attacks
   (+2).
   It protects you from poison.
   If you switch to wearing this armour, your AC will rise 3 points (23 -> 26)
 P - a +2 robe of cold resistance
 R - a +2 robe of fire resistance (worn)
 X - a +2 cloak of invisibility
Magical Staves
 S - an uncursed staff of wizardry
Jewellery
 h - an uncursed ring of wizardry
 l - an uncursed ring of resist corrosion
 n - an uncursed ring of see invisible
 G - the ring of Nemelex Xobeh's Favour (left hand) {rC+ AC+3}
   (You found it on level 7 of the Dungeon)

   [ring of protection]

   It affects your AC (+3).
   It protects you from cold.
 N - an amulet of the acrobat (around neck)
 V - a +3 ring of intelligence (right hand)
Wands
 m - a wand of acid (7)
 r - a wand of flame (21)
 B - a wand of random effects (9)
 I - a wand of clouds (2)
 L - a wand of polymorph (10)
 O - a wand of paralysis (18)
 Q - a wand of enslavement (5)
Scrolls
 e - 2 scrolls of fog
 k - 6 scrolls of teleportation
 o - 11 scrolls of amnesia
 p - 3 scrolls of blinking
 u - 11 scrolls of remove curse
 x - 3 scrolls of fear
 y - a scroll of magic mapping
 z - 3 scrolls of enchant armour
 D - 2 scrolls of immolation
 F - a scroll of brand weapon
 H - 2 scrolls of summoning
 M - a scroll of identify
Potions
 a - 4 potions of brilliance
 f - a potion of ambrosia
 g - a potion of heal wounds
 i - 5 potions of curing
 j - 3 potions of berserk rage
 t - 4 potions of agility
 v - 5 potions of cancellation
 w - 13 potions of mutation
 T - 2 potions of invisibility
 W - 2 potions of haste
Miscellaneous
 J - a lightning rod (4/4)
 U - a phial of floods
Comestibles
 d - 27 rations
 C - 10 chunks of flesh


   Skills:
 - Level 11.8 Fighting
 - Level 10.7 Maces & Flails
 - Level 6.0 Armour
 - Level 9.3 Dodging
 - Level 2.1 Stealth
 - Level 10.9 Spellcasting
 - Level 12.1 Conjurations
 - Level 0.7 Transmutations
 + Level 8.4 Fire Magic
 - Level 14.0 Earth Magic
 - Level 6.0 Evocations


You had 4 spell levels left.
You knew the following spells:

 Your Spells              Type           Power        Failure   Level  Hunger
a - Sandblast             Erth           ######       0%          1    None
b - Stone Arrow           Conj/Erth      ######       1%          3    None
c - Lee's Rapid Deconstr  Erth           ######....   1%          5    ###....
d - Iron Shot             Conj/Erth      ######....   1%          6    #####..
e - Orb of Destruction    Conj           ######....   6%          7    ######.
f - Irradiate             Conj/Tmut      #####.....   2%          5    ###....
g - Bolt of Magma         Conj/Fire/Erth ######....   1%          5    ###....

Your spell library contained the following spells:

 Spells                   Type           Power        Failure   Level  Hunger
 Freeze                   Ice            ##..         1%          1    None
 Magic Dart               Conj           ####         1%          1    None
 Shock                    Conj/Air       ####         1%          1    None
 Passwall                 Tmut/Erth      ######..     1%          2    None
 Conjure Flame            Conj/Fire      ######..     1%          3    None
 Dazzling Flash           Conj/Hex       #####.       1%          3    None
 Mephitic Cloud           Conj/Pois/Air  #####...     1%          3    None
 Static Discharge         Conj/Air       #####...     1%          3    None
 Hailstorm                Conj/Ice       #####...     1%          4    None
 Petrify                  Tmut/Erth      ######..     1%          4    None
 Animate Skeleton         Necr           N/A          4%          1    None
 Apportation              Tloc           ##....       4%          1    None
 Corona                   Hex            ##.....      4%          1    None
 Infusion                 Chrm           ##..         4%          1    None
 Pain                     Necr           ##..         4%          1    None
 Summon Small Mammal      Summ           ##..         4%          1    None
 Blink                    Tloc           N/A          6%          2    None
 Call Imp                 Summ           ##......     6%          2    None
 Shroud of Golubria       Chrm/Tloc      ##....       6%          2    None
 Slow                     Hex            ##......     6%          2    None
 Song of Slaying          Chrm           ##......     6%          2    None
 Swiftness                Chrm/Air       ##......     6%          2    None
 Airstrike                Air            ##........   11%         4    None
 Call Canine Familiar     Summ           ##......     12%         3    None
 Ozocubu's Armour         Chrm/Ice       ##......     12%         3    None
 Recall                   Summ/Tloc      N/A          12%         3    None
 Spectral Weapon          Hex/Chrm       ##......     12%         3    None
 Summon Guardian Golem    Hex/Summ       ##......     12%         3    None
 Vampiric Draining        Necr           ##........   12%         3    None
 Ice Form                 Ice/Tmut       ###.....     32%         4    None
 Animate Dead             Necr           N/A          36%         4    None
 Cause Fear               Hex            ##........   36%         4    None
 Summon Ice Beast         Ice/Summ       ##......     36%         4    None
 Summon Lightning Spire   Summ/Air       ##......     36%         4    None
 Lightning Bolt           Conj/Air       #####.....   2%          5    ###....
 Borgnjor's Vile Clutch   Necr/Erth      ######....   6%          5    ###....
 Freezing Cloud           Conj/Ice/Air   #####.....   28%         6    #####..
 Agony                    Necr           ##......     73%         5    ###....
 Aura of Abjuration       Summ           ##........   73%         5    ###....
 Metabolic Englaciation   Hex/Ice        ##........   73%         5    ###....
 Summon Demon             Summ           ##........   73%         5    ###....
 Summon Forest            Summ/Tloc      ##........   73%         5    ###....
 Summon Mana Viper        Hex/Summ       ##......     73%         5    ###....
 Ozocubu's Refrigeration  Ice            ##........   80%         6    #####..
 Death Channel            Necr           ##........   99%         6    #####..
 Hydra Form               Tmut           ###.......   99%         6    #####..
 Shadow Creatures         Summ           N/A          99%         6    #####..
 Simulacrum               Ice/Necr       ##........   99%         6    #####..
 Dragon Form              Tmut           ###.......   100%        7    ######.
 Statue Form              Tmut/Erth      Unusable     N/A         6    N/A

Dungeon Overview and Level Annotations

Branches:
Dungeon (15/15)            Temple (1/1) D:5            Lair (6/6) D:8
  Swamp (0/4) Lair:3        Snake (0/4) Lair:3        Slime (0/5) Lair:6
    Orc (2/2) D:12            Elf (0/3) Orc:2        Vaults (0/5) D:14
 Depths (0/5) D:15        Ossuary (visited)         Volcano (visited)
Gauntlet (visited)

Altars:
Ashenzari
Cheibriados
Dithmenos
Elyvilon
Fedhas
Gozag
Hepliaklqana
Kikubaaqudgha
Makhleb
Nemelex Xobeh
Okawaru
Qazlal
Ru
Sif Muna
Trog
Uskayaw
Vehumet
Wu Jian
Xom
Yredelemnul
Zin
The Shining One
Jiyva

Shops:
D:6 =   D:7 (   D:13 }}   D:14 (

Annotations:
Lair:4 1 runed translucent door, astraldaughter's ghost, journeyman DgFE
Orc:2 Donald


Innate Abilities, Weirdness & Mutations

You are resistant to torment.
Your stone body is resilient. (AC +12)
You are immune to poison.
Your large and strong wings let you fly indefinitely.
You resist negative energy. (rN+)
You are resistant to electric shocks. (rElec)
You can survive without breathing.
You are immune to petrification.
You are immune to rotting.
You possess an exceptional clarity of mind.
Your flesh is heat resistant. (rF+)
You are resistant to hostile enchantments. (MR+)
You evolve.


Message History

You feel much better.
Donald hits you from afar with a +0 demon trident!
Evoke which item? (* to show all) (? for menu, Esc to quit)
Aiming: Corrosive Bolt
Press: ? - help, Shift-Dir - straight line, f/p - Donald
Aim: Donald, wielding a +0 demon trident, wearing a +3 chain mail of poison resistance and wearing a +0 shield (severely wounded, fast, unusually strong, covered in acid)
The bolt of acid misses Donald.
Donald hits you from afar with a +0 demon trident!
* * * LOW HITPOINT WARNING * * *
Casting: Iron Shot (safe; 1% risk of failure)
Confirm with . or Enter, or press ? or * to list all spells.
Aiming: Sandblast (safe; 0% risk of failure)
Press: ? - help, Shift-Dir - straight line, f/p - Donald
Aim: Donald, wielding a +0 demon trident, wearing a +3 chain mail of poison resistance and wearing a +0 shield (severely wounded, fast, unusually strong, covered in acid)
The blast of sand hits Donald!
Donald is severely wounded.
A - 209 stones Donald hits you but does no damage.
Donald hits you from afar with a +0 demon trident!!
You die...

.## ... .. # ## .. .##
###.# #.<...# .
##....###.....##
.##......#.#@..... ...
#....@.......
##.###)..........
##...###.##.##.... ##
##.....#...#.#..... ##.
#..................
##...##.#...#...........
#....#####...####.#.....
.........#..## ###....
#$...........##. ...


You could see Donald.

Vanquished Creatures
  Rupert (Lair:6)
  A storm dragon (D:13)
  A very ugly thing (D:12)
  The ghost of Vumeko Hunn the Summoner, a journeyman MfSu of Ashenzari (D:12)
  A minotaur (Gauntlet)
  Azrael (D:13)
  5 dire elephants (Lair:6)
  A red draconian (Volcano)
  A fire dragon (D:13)
  The ghost of Raiwk the Zephyrmancer, a journeyman DrAE of Vehumet (Lair:3)
  Fannar (D:11)
  2 catoblepae
  10 hydras
  An anaconda (Lair:6)
  10 centaur warriors
  10 two-headed ogres
  A vault guard (D:14)
  2 death scarabs (Gauntlet)
  2 ogre magi
  3 death yaks (Lair:6)
  A deep elf knight (D:14)
  Sonja (Lair:5)
  A spectral death yak (Gauntlet)
  A skeletal warrior (D:14)
  3 unseen horrors
  A large abomination (Gauntlet)
  A spectral hydra (Gauntlet)
  2 glowing orange brains (D:12)
  A wolf spider zombie (D:14)
  A deep elf archer (D:15)
  Pikel (D:6)
  2 orc knights
  2 manticores
  3 deep elf magi
  16 ugly things
  3 orc sorcerers
  2 cyclopes
  A worldbinder (Gauntlet)
  10 elephants (Lair:6)
  6 black mambas
  A gargoyle (D:14)
  A naga mage (D:15)
  14 spiny frogs
  A minotaur zombie (Gauntlet)
  2 rime drakes
  7 komodo dragons
  A torpor snail (Lair:6)
  2 kobold demonologists
  6 trolls
  A yaktaur (D:14)
  2 polar bears
  3 meliai (D:15)
  3 hornets
  10 hippogriffs
  Grinder (D:6)
  3 bog bodies (Lair:3)
  5 dream sheep (Lair:6)
  A harpy skeleton (D:14)
  A meliai zombie (D:12)
  6 slime creatures
  4 blink frogs (Lair:2)
  A spectral black mamba (Gauntlet)
  Sigmund (D:2)
  3 wyverns
  38 yaks
  3 spriggans (Lair:3)
  A centaur simulacrum (D:15)
  2 wraiths
  6 fire elementals (D:13)
  2 neqoxecs (D:12)
  4 hungry ghosts
  5 basilisks
  11 vampire mosquitoes
  2 swamp worms (Lair:3)
  A spectral spiny frog (Gauntlet)
  2 wargs
  2 wargs (shapeshifter) (D:12)
  4 nagas (Lair:3)
  An acid dragon (D:11)
  A soldier ant (D:14)
  A hell hound (D:13)
  13 water moccasins
  5 sky beasts
  9 orc warriors
  6 porcupines
  2 ice beasts
  2 black bears
  5 eyes of draining
  7 phantoms
  8 wolves
  14 ogres
  4 boggarts
  15 centaurs
  5 big kobolds
  4 elf zombies (Ossuary)
  17 crocodiles
  21 bullfrogs
  A gnoll sergeant (D:9)
  3 scorpions
  6 killer bees
  4 wights
  9 howler monkeys
  4 electric eels
  3 small abominations (Gauntlet)
  8 crimson imps
  11 centaur zombies
  5 hounds
  A jelly (D:5)
  2 bullfrog zombies
  A human zombie (Ossuary)
  6 centaur skeletons
  9 orc priests
  13 orc wizards
  2 bullfrog skeletons
  4 iguanas
  An iguana (shapeshifter) (D:12)
  Natasha (thrice) (D:2)
  10 worker ants
  A big kobold zombie (Ossuary)
  2 hound skeletons
  4 hound zombies
  4 mummies (Ossuary)
  A howler monkey zombie (D:9)
  A worker ant zombie (D:9)
  A howler monkey skeleton (D:10)
  8 adders
  3 shadow imps
  An ooze (D:1)
  An adder zombie (D:6)
  A worm (shapeshifter) (D:12)
  4 dart slugs
  8 leopard geckos
  48 orcs
  3 giant cockroaches (D:2)
  3 goblins
  5 hobgoblins
  21 jackals
  A quokka (shapeshifter) (D:12)
  4 quokkas
  3 ball pythons
  5 bats
  A frilled lizard (shapeshifter) (D:12)
  2 frilled lizards (D:1)
  A goblin zombie (Ossuary)
  A jackal zombie (Ossuary)
  16 kobolds
  A leopard gecko skeleton (D:4)
  An orc zombie (Ossuary)
  A quokka skeleton (D:4)
  12 rats
  A rat zombie (Ossuary)
  A fungus (Lair:4)
  22 plants
717 creatures vanquished.

Vanquished Creatures (collateral kills)
  A skeletal warrior (D:13)
1 creature vanquished.

Vanquished Creatures (others)
  A hound (D:6)
  14 fungi
  28 plants
43 creatures vanquished.

Grand Total: 761 creatures vanquished

Notes
Turn   | Place    | Note
-------+----------+-------------------------------------------
     0 | D:1      | Epan the Gargoyle Earth Elementalist began the quest for
                  | the Orb.
     0 | D:1      | Reached XP level 1. HP: 10/10 MP: 3/3
   139 | D:1      | Reached XP level 2. HP: 1/15 MP: 3/5
   468 | D:1      | Reached skill level 4 in Earth Magic
   966 | D:1      | Reached XP level 3. HP: 19/19 MP: 2/7
  1119 | D:1      | Learned a level 3 spell: Stone Arrow
  1213 | D:2      | Noticed Natasha
  1218 | D:2      | Killed Natasha
  1218 | D:2      | Reached skill level 1 in Conjurations
  1218 | D:2      | Reached XP level 4. HP: 14/24 MP: 5/8
  1455 | D:2      | Noticed Sigmund
  1462 | D:2      | Killed Sigmund
  1462 | D:2      | Reached skill level 5 in Earth Magic
  1462 | D:2      | Reached XP level 5. HP: 19/28 MP: 4/10
  1462 | D:2      | Reached XP level 6. HP: 22/32 MP: 4/11
  1683 | D:2      | Learned a level 5 spell: Lee's Rapid Deconstruction
  1823 | D:2      | Noticed Natasha
  1834 | D:2      | Killed Natasha
  1939 | D:2      | Noticed Natasha
  1948 | D:2      | Killed Natasha
  2244 | D:3      | Reached skill level 6 in Earth Magic
  3728 | D:5      | Entered Level 5 of the Dungeon
  3782 | D:5      | Reached XP level 7. HP: 36/36 MP: 13/13
  3995 | D:5      | Gained mutation: You are partially covered in slimy green
                  | scales. (AC +2) [potion of mutation]
  3995 | D:5      | Gained mutation: You expend magic power (3 MP) to
                  | strengthen your wands. [potion of mutation]
  4031 | D:5      | Reached skill level 1 in Fighting
  4377 | D:5      | Found a staircase to the Ecumenical Temple.
  4390 | D:5      | Reached skill level 1 in Armour
  4396 | Temple   | Entered the Ecumenical Temple
  4455 | Temple   | Became a worshipper of Vehumet
  4590 | D:5      | Reached skill level 1 in Maces & Flails
  4590 | D:5      | Reached skill level 1 in Evocations
  5170 | D:6      | Found Wibus's Jewellery Shop.
  5183 | D:6      | Reached XP level 8. HP: 29/43 MP: 14/14
  5216 | D:6      | Found a sand-covered staircase.
  5252 | Ossuary  | Entered an ossuary
  5561 | Ossuary  | Reached skill level 7 in Earth Magic
  5976 | D:6      | Reached skill level 5 in Spellcasting
  6088 | D:6      | Noticed Grinder
  6099 | D:6      | Killed Grinder
  6099 | D:6      | Reached * piety under Vehumet
  6099 | D:6      | Offered knowledge of Shock by Vehumet.
  6099 | D:6      | Reached XP level 9. HP: 27/51 MP: 2/16
  6328 | D:6      | Reached skill level 5 in Conjurations
  6331 | D:6      | Noticed Pikel
  6347 | D:6      | Killed Pikel
  6553 | D:6      | HP: 2/52 [yak (9)]
  6562 | D:6      | HP: 2/52 [yak (8)]
  6724 | D:6      | Found a white marble altar of Elyvilon.
  7253 | D:7      | Reached skill level 8 in Earth Magic
  7343 | D:7      | Reached XP level 10. HP: 58/58 MP: 3/18
  7576 | D:7      | Got a glittering brass ring
  7653 | D:7      | Found Rekij's Weapon Shop.
  8050 | D:7      | Found an ornate altar of the Wu Jian Council.
  8517 | D:8      | Found a staircase to the Lair.
  8552 | D:8      | Reached skill level 5 in Fighting
  8682 | D:8      | Identified the ring of Nemelex Xobeh's Favour {rC+ AC+3}
                  | (You found it on level 7 of the Dungeon)
  9085 | D:9      | Reached ** piety under Vehumet
  9085 | D:9      | Reached skill level 5 in Armour
  9086 | D:9      | Offered knowledge of Searing Ray by Vehumet.
  9336 | D:9      | Found an opulent altar of Gozag.
  9572 | D:9      | Found a hide-covered altar of Uskayaw.
  9916 | D:10     | Entered Level 10 of the Dungeon
  9947 | D:10     | Reached skill level 9 in Earth Magic
  9947 | D:10     | Reached XP level 11. HP: 64/64 MP: 14/20
 10041 | D:10     | Offered knowledge of Conjure Flame by Vehumet.
 10041 | D:10     | Reached skill level 5 in Maces & Flails
 10307 | D:10     | Reached *** piety under Vehumet
 10589 | D:11     | Reached skill level 5 in Evocations
 11113 | D:11     | Noticed Fannar
 11143 | D:11     | Killed Fannar
 11143 | D:11     | Offered knowledge of Olgreb's Toxic Radiance by Vehumet.
 11323 | D:11     | Killed an unseen horror
 11323 | D:11     | Reached skill level 5 in Dodging
 11932 | D:12     | Found a gate leading to a gauntlet.
 11939 | Gauntlet | Entered a Gauntlet
 11939 | Gauntlet | Found a transporter.
 11939 | Gauntlet | Found a transporter.
 11943 | Gauntlet | Found a transporter.
 11943 | Gauntlet | Found a transporter.
 11945 | Gauntlet | Found a large runed translucent door.
 11946 | Gauntlet | Found a large runed translucent door.
 11947 | Gauntlet | Found a large runed translucent door.
 11947 | Gauntlet | Found a large runed translucent door.
 11947 | Gauntlet | Found a runed translucent door.
 11949 | Gauntlet | Found a large runed translucent door.
 11949 | Gauntlet | Found a large runed translucent door.
 11953 | Gauntlet | Found a transporter.
 11955 | Gauntlet | Found a large runed translucent door.
 11956 | Gauntlet | Found a large runed translucent door.
 11958 | Gauntlet | Found a runed translucent gate.
 11962 | Gauntlet | Found a transporter.
 11968 | Gauntlet | Noticed a death scarab
 11969 | Gauntlet | Identified the ring "Vohur" {MP+9 Str+7}
 11970 | Gauntlet | Found a transporter.
 11970 | Gauntlet | Found a transporter.
 11973 | Gauntlet | Found a transporter.
 11979 | Gauntlet | Noticed a death scarab
 12000 | Gauntlet | Found a transporter.
 12001 | Gauntlet | Noticed a death scarab
 12002 | Gauntlet | Found a runed translucent gate.
 12002 | Gauntlet | Found a runed translucent gate.
 12004 | Gauntlet | Found a large runed translucent door.
 12005 | Gauntlet | Found a large runed translucent door.
 12005 | Gauntlet | Noticed a spectral death yak
 12007 | Gauntlet | Found a transporter.
 12008 | Gauntlet | Found a large runed translucent door.
 12009 | Gauntlet | Found a large runed translucent door.
 12012 | Gauntlet | Found a runed translucent door.
 12023 | Gauntlet | Found a large runed translucent door.
 12023 | Gauntlet | Found a large runed translucent door.
 12024 | Gauntlet | Found a large runed translucent door.
 12024 | Gauntlet | Noticed a worldbinder
 12025 | Gauntlet | Found a large runed translucent door.
 12025 | Gauntlet | Found a transporter.
 12071 | Gauntlet | Found a transporter.
 12087 | Gauntlet | Found a transporter.
 12098 | Gauntlet | Noticed a large abomination
 12171 | Gauntlet | Noticed a fire crab
 12187 | Gauntlet | Found a transporter.
 12200 | Gauntlet | Noticed a queen ant
 12201 | Gauntlet | Found a transporter.
 12304 | Gauntlet | Killed a worldbinder
 12434 | Gauntlet | Killed a large abomination
 12623 | Gauntlet | Learned a level 5 spell: Irradiate
 12644 | Gauntlet | Killed a death scarab
 12646 | Gauntlet | Killed a death scarab
 12646 | Gauntlet | Reached skill level 10 in Earth Magic
 12646 | Gauntlet | Reached XP level 12. HP: 60/72 MP: 20/22
 12669 | Gauntlet | Got a ripped robe
 12918 | Gauntlet | Identified the +1 robe "Boetweki" {+Fly rCorr Str-3} (You
                  | found it in a Gauntlet)
 12924 | Gauntlet | Got a pair of polished gloves
 12929 | Gauntlet | Identified the +1 pair of gloves "Efuatush" {*Slow Regen+
                  | Int+3 Stlth+} (You found it in a Gauntlet)
 12964 | Gauntlet | Identified the +10 shortbow "Impslayer" {freeze, +Fly
                  | Int+3}
 12964 | Gauntlet | Noticed a minotaur
 12976 | Gauntlet | Killed a minotaur
 13086 | Gauntlet | Identified the Disquisition on Attacks and Bewitchment
 13090 | Gauntlet | Upgraded the game from 0.25-a0-426-g7d9e569eea to
                  | 0.25-a0-435-g4b9beb1024
 13106 | D:12     | Reached **** piety under Vehumet
 13268 | D:12     | Offered knowledge of Iskenderun's Mystic Blast by Vehumet.
 13331 | D:12     | Found a staircase to the Orcish Mines.
 13375 | D:12     | Noticed an eight-headed hydra
 13378 | D:12     | Killed an eight-headed hydra
 13402 | D:12     | Noticed a four-headed hydra
 13406 | D:12     | Killed a four-headed hydra
 13629 | D:12     | Found a runed translucent gate.
 13629 | D:12     | Found a runed translucent gate.
 13635 | D:12     | Found a runed translucent gate.
 13637 | D:12     | Noticed a white very ugly thing
 13962 | D:12     | Killed a green very ugly thing
 13962 | D:12     | Reached skill level 11 in Earth Magic
 13963 | D:12     | Reached XP level 13. HP: 45/79 MP: 4/25
 14100 | D:12     | Found a runed translucent gate.
 14100 | D:12     | Found a runed translucent gate.
 14115 | D:12     | Noticed Vumeko Hunn's ghost (journeyman MfSu)
 14117 | D:12     | Found a runed translucent gate.
 14179 | D:12     | Killed Vumeko Hunn's ghost
 14306 | D:12     | Lost mutation: You are partially covered in slimy green
                  | scales. (AC +2) [potion of mutation]
 14306 | D:12     | Lost mutation: You expend magic power (3 MP) to strengthen
                  | your wands. [potion of mutation]
 14306 | D:12     | Gained mutation: You evolve. [potion of mutation]
 14306 | D:12     | Gained mutation: You tend to lose your temper in combat.
                  | [potion of mutation]
 14306 | D:12     | Gained mutation: You are resistant to hostile enchantments.
                  | (MR+) [potion of mutation]
 14306 | D:12     | Gained mutation: Your flesh is heat resistant. (rF+)
                  | [potion of mutation]
 14393 | D:13     | Reached ***** piety under Vehumet
 14397 | D:13     | Offered knowledge of Orb of Destruction by Vehumet.
 14594 | D:13     | Found Anucvayx's Gadget Boutique.
 14675 | D:13     | Noticed Azrael
 14677 | D:13     | Noticed a storm dragon
 14691 | D:13     | Killed Azrael
 14695 | D:13     | Killed a storm dragon
 14783 | D:13     | Lost mutation: You tend to lose your temper in combat.
                  | [evolution]
 14792 | D:13     | Learned a level 7 spell: Orb of Destruction
 14869 | D:13     | Noticed a fire dragon
 14952 | D:13     | Killed a fire dragon
 14958 | D:13     | Reached skill level 10 in Conjurations
 15547 | D:13     | Found Libot's Gadget Emporium.
 15748 | D:14     | Found Xouzucy Gesch's Weapon Shoppe.
 15775 | D:14     | Reached skill level 12 in Earth Magic
 15784 | D:14     | Gained mutation: Your large and strong wings let you fly
                  | indefinitely. [Gargoyle growth]
 15784 | D:14     | Reached XP level 14. HP: 65/87 MP: 22/27
 16189 | D:14     | Reached skill level 10 in Fighting
 16282 | D:14     | Found a gate to the Vaults.
 16913 | D:15     | Entered Level 15 of the Dungeon
 17140 | D:15     | Offered knowledge of Iron Shot by Vehumet.
 17173 | D:15     | Learned a level 6 spell: Iron Shot
 17209 | D:15     | Found a staircase to the Depths.
 17533 | D:15     | Reached skill level 10 in Spellcasting
 17800 | D:15     | Reached skill level 13 in Earth Magic
 17801 | D:15     | Reached XP level 15. HP: 44/93 MP: 23/29
 18103 | Lair:1   | Entered Level 1 of the Lair of Beasts
 18483 | Lair:1   | Got a warped robe
 18494 | Lair:1   | Identified the +3 robe of Classification {rC+ Str+3 Dex-4}
                  | (You found it on level 1 of the Lair of Beasts)
 18986 | Lair:2   | Offered knowledge of Iskenderun's Battlesphere by Vehumet.
 19045 | Lair:2   | Identified the +3 leather armour of the Lonely Runes {rPois
                  | Slay+2} (You found it on level 2 of the Lair of Beasts)
 19096 | Lair:2   | You are sucked into a shaft and drop 2 floors!
 19185 | Lair:3   | Found a dark tunnel.
 19194 | Volcano  | Entered a volcano
 19213 | Volcano  | Found a radiant altar of Vehumet.
 19268 | Volcano  | Reached skill level 10 in Maces & Flails
 19585 | Lair:3   | Found a staircase to the Swamp.
 21217 | Lair:3   | Found a runed translucent door.
 21217 | Lair:3   | Identified the cursed +0 trident "Mosaisk" {antimagic,
                  | rElec}
 21217 | Lair:3   | Noticed Raiwk's ghost (journeyman DrAE)
 21238 | Lair:3   | Found a staircase to the Snake Pit.
 21283 | Lair:3   | Identified a scroll of acquirement
 21283 | Lair:3   | Identified the +0 pair of gloves of the Beggar {+Inv} (You
                  | acquired it on level 3 of the Lair of Beasts)
 21724 | Lair:3   | Killed Raiwk's ghost
 21791 | Lair:4   | Found a runed translucent door.
 21791 | Lair:4   | Noticed astraldaughter's ghost (journeyman DgFE)
 22085 | Lair:4   | Offered knowledge of Bolt of Magma by Vehumet.
 22881 | Lair:5   | Reached XP level 16. HP: 67/101 MP: 26/30
 22951 | Lair:5   | Noticed Sonja
 22955 | Lair:5   | Killed Sonja
 23052 | Lair:5   | You are sucked into a shaft and drop 1 floor!
 23052 | Lair:6   | Entered Level 6 of the Lair of Beasts
 23054 | Lair:6   | Reached skill level 14 in Earth Magic
 23062 | Lair:6   | Learned a level 5 spell: Bolt of Magma
 23449 | Lair:6   | Found a hazy altar of Hepliaklqana.
 23496 | Lair:6   | Reached skill level 1 in Fire Magic
 23819 | Lair:6   | Reached skill level 5 in Fire Magic
 23827 | Lair:6   | Found a viscous altar of Jiyva.
 23827 | Lair:6   | Found a staircase to the Slime Pits.
 24915 | Lair:6   | Noticed Rupert
 24934 | Lair:6   | Killed Rupert
 25155 | Lair:6   | Gained mutation: You possess an exceptional clarity of
                  | mind. [evolution]
 25475 | Orc:1    | Entered Level 1 of the Orcish Mines
 25579 | Orc:2    | Entered Level 2 of the Orcish Mines
 25579 | Orc:2    | Found a staircase to the Elven Halls.
 25591 | Orc:2    | Reached ****** piety under Vehumet
 25771 | Orc:2    | Noticed Donald
 25790 | Orc:2    | Slain by Donald

Levels and vault maps discovered:
D:1:      nzn_arrival_settlement, layout_basic
D:2:      layout_loops_ring, first_ration, uniq_sigmund, uniq_natasha
D:3:      layout_loops_ring
D:4:      layout_gridville, grunt_decor_arrowhead
D:5:      layout_basic, minmay_temple_entry_gardened_gates
D:6:      layout_basic, nicolae_ossuary_entry_false_entrances,
          roderic_three_in_a_row, minmay_shop_enchanted_jewellery, minivault_5,
          elyvilon_altar_3, uniq_pikel, uniq_grinder
D:7:      minmay_the_grid_plus [minmay_the_grid_zigzag_pyramid,
          minmay_the_grid_diamond_grid, minmay_the_grid_minigrid_medium,
          minmay_the_grid_slots, minmay_the_grid_prize_shrinking_boxes],
          layout_gridville, old_standard_altar, serial_shops,
          nicolae_shop_stone, nrook_pool_corridor
D:8:      layout_loops_ring, lair_entry_dummy, grunt_ogre_cave,
          item_on_display_a
D:9:      layout_small_grid, basic_altar, minmay_ruined_shrine
D:10:     layout_roguey
D:11:     layout_loops_ring, uniq_fannar
D:12:     layout_long_grid, orc_0_dummy, gauntlet_entry_generic,
          ploomutoo_gammafunk_ghost_potion_laboratory
D:13:     hourglass_vault, layout_loops_cross, serial_shops, shop,
          nicolae_shop_behind_doors, uniq_azrael
D:14:     minmay_clustersquares, layout_basic, david_vaults_5, serial_shops,
          shop, hangedman_abyss_or_decor_jellyfish_corner
D:15:     grunt_enter_depths_magical_seal, layout_basic
Temple:   compressed_dpeg_circular_temple
Lair:1:   layout_cave_pods
Lair:2:   wad_woods_structure_01, layout_layer_cave,
          cheibrodos_lair_caveside_slide, nicolae_quartered_pool_little
Lair:3:   layout_chaotic_city, nicolae_swamp_entry_splash_gauntlet,
          minmay_snake_entry_guardpost_medium, ebering_ghost_funeral_grove,
          nicolae_volcano_entry_lava_flow, serial_bayou_shore_a
Lair:4:   layout_long_grid, hellmonk_ghost_happy_afterlife, grunt_megastairs_4
Lair:5:   layout_small_grid, st_stairs_12, uniq_sonja
Lair:6:   due_jungle_book, layout_regular_city, slime_altar_1,
          lemuel_centaur_altar, lemuel_fruit_fields, uniq_rupert
Orc:1:    layout_diamond_mine, mines5_lemuel
Orc:2:    grunt_orc_tribal_feast, layout_caves, serial_shops,
          nicolae_shop_stone, nicolae_orc_tapped_out, uniq_donald

Skill      XL: |  1  2  3  4  5  6  7  8  9 10 11 12 13 14 15 16 |
---------------+-------------------------------------------------+-----
Earth Magic    | 4 5 6 7 8 9 10 11 12 13 14 | 14.0
Spellcasting   | 3 4 5 6 7 8 9 10 | 10.9
Conjurations   | 1 2 3 4 5 6 7 9 10 11 12 | 12.1
Fighting       | 1 3 4 5 7 8 9 10 11 | 11.8
Armour         | 1 3 4 5 6 |  6.0
Maces & Flails | 1 2 3 4 6 7 8 9 10 | 10.7
Evocations     | 1 2 3 4 5 6 |  6.0
Dodging        | 2 3 4 5 6 7 8 9 |  9.3
Fire Magic     | 8 |  8.4
Stealth        | |  2.1
Transmutations | |  0.7

Action                   |  1- 3 |  4- 6 |  7- 9 | 10-12 | 13-15 | 16-18 || total
-------------------------+-------+-------+-------+-------+-------+-------++-------
Melee: Whip              |    81 |   105 |       |       |       |       ||   186
       Flail             |       |    55 |   164 |       |       |       ||   219
       Dagger            |       |       |    46 |   351 |       |       ||   397
       Morningstar       |       |       |       |   151 |   749 |       ||   900
       Demon whip        |       |       |       |       |   161 |   392 ||   553
 Cast: Sandblast         |    17 |    37 |    41 |   164 |   153 |    18 ||   430
       Stone Arrow       |       |     1 |    15 |    15 |     4 |       ||    35
       Lee's Rapid Decon |       |       |     6 |    43 |   134 |       ||   183
       Iron Shot         |       |       |       |       |    19 |    34 ||    53
       Irradiate         |       |       |       |       |     2 |       ||     2
       Orb of Destructio |       |       |       |       |     3 |     2 ||     5
       Bolt of Magma     |       |       |       |       |       |     7 ||     7
 Abil: Fly               |       |       |       |       |     1 |       ||     1
Evoke: Wand              |       |       |    18 |     8 |       |     2 ||    28
       Lightning rod     |       |       |       |     8 |     8 |       ||    16
       Phial of floods   |       |       |       |       |     3 |       ||     3
  Use: Scroll            |     4 |     7 |     5 |    14 |    15 |     4 ||    49
       Potion            |       |     1 |     5 |     7 |     5 |     1 ||    19
 Stab: Sleeping          |     3 |     3 |       |     4 |    11 |     1 ||    22
       Distracted        |       |       |       |     1 |     1 |       ||     2
  Eat: Chunk             |       |     8 |    10 |    20 |    39 |     8 ||    85
       Ration            |       |       |     2 |     4 |     7 |     3 ||    16
Armor: Robe              |    33 |   106 |   187 |   300 |   498 |   143 ||  1267
       Skin              |       |       |       |    29 |       |       ||    29
Dodge: Dodged            |    56 |   172 |   283 |   464 |   755 |   235 ||  1965

Table legend:
 A = Non-vault XP
 B = Vault XP
 C = Vault XP percentage of total XP
 D = Non-vault monster count
 E = Vault monster count
 F = Vault count percentage of total count
                 A         B        C        D         E       F
            +---------+---------+-------+---------+---------+-------
      Total |   97739 |   63573 |  39.4 |     525 |     170 |  24.5
            +---------+---------+-------+---------+---------+-------
        D:1 |      50 |       0 |   0.0 |      23 |       0 |   0.0
        D:2 |     139 |     256 |  64.8 |      25 |       2 |   7.4
        D:3 |      67 |       0 |   0.0 |      14 |       0 |   0.0
        D:4 |      83 |       0 |   0.0 |      17 |       0 |   0.0
        D:5 |     514 |       0 |   0.0 |      10 |       0 |   0.0
        D:6 |    1628 |     889 |  35.3 |      23 |       2 |   8.0
        D:7 |     761 |    1269 |  62.5 |      13 |      13 |  50.0
        D:8 |     671 |     127 |  15.9 |      17 |       1 |   5.6
        D:9 |    1685 |     524 |  23.7 |      28 |       7 |  20.0
       D:10 |    2055 |       0 |   0.0 |      24 |       0 |   0.0
       D:11 |    2380 |     981 |  29.2 |      19 |       1 |   5.0
       D:12 |    6710 |    7821 |  53.8 |      32 |      17 |  34.7
       D:13 |    6787 |    8231 |  54.8 |      41 |      17 |  29.3
       D:14 |   10112 |    5633 |  35.8 |      32 |      13 |  28.9
       D:15 |   16417 |    6156 |  27.3 |      52 |      12 |  18.8
     Lair:1 |    2826 |       0 |   0.0 |      15 |       0 |   0.0
     Lair:2 |    3834 |    2023 |  34.5 |      15 |       7 |  31.8
     Lair:3 |    5552 |    4557 |  45.1 |      16 |      16 |  50.0
     Lair:4 |    8267 |    1246 |  13.1 |      29 |       4 |  12.1
     Lair:5 |    5863 |    1696 |  22.4 |      20 |       4 |  16.7
     Lair:6 |   19592 |    6334 |  24.4 |      42 |      10 |  19.2
      Orc:1 |     597 |       0 |   0.0 |       8 |       0 |   0.0
      Orc:2 |    1149 |     815 |  41.5 |      10 |       4 |  28.6
    Ossuary |       0 |     552 | 100.0 |       0 |      16 | 100.0
    Volcano |       0 |    7300 | 100.0 |       0 |       8 | 100.0
   Gauntlet |       0 |    7163 | 100.0 |       0 |      16 | 100.0
            +---------+---------+-------+---------+---------+-------
